 Dungeon Crawl Stone Soup version 0.20.1-1-g8b1a95d (webtiles) character file.

162 doot the Magician (level 5, 0/28 HPs)
             Began as a Deep Elf Fire Elementalist on Sept 1, 2017.
             Slain by a leopard gecko (1 damage)
             ... on level 3 of the Dungeon.
             The game lasted 00:09:35 (3533 turns).

doot the Magician (Deep Elf Fire Elementalist)      Turns: 3533, Time: 00:09:36

Health: 0/28       AC:  3    Str:  5    XL:     5   Next: 19%
Magic:  13/14      EV: 13    Int: 21    God:
Gold:   116        SH:  0    Dex: 15    Spells: 3/13 levels left

rFire    . . .     SeeInvis .   b - +0 dagger
rCold    . . .     Gourm    .   (no shield)
rNeg     . . .     Faith    .   k - +0 robe
rPois    .         Spirit   .   (no helmet)
rElec    .         Reflect  .   (no cloak)
rCorr    .         Harm     .   (no gloves)
MR       .....                  i - +0 pair of boots (curse)
Stlth    ++........             (no amulet)
Regen    0.1/turn               (no ring)
MPRegen  0.2/turn               (no ring)

@: no status effects
A: no striking features
a: no special abilities


You were on level 3 of the Dungeon.
You were not hungry.

You visited 1 branch of the dungeon, and saw 4 of its levels.

You collected 116 gold pieces.

Inventory:

Hand Weapons
 a - a +0 blowgun
 b - a +0 dagger (weapon)
Missiles
 l - 20 poisoned needles
 m - 7 poisoned javelins (quivered)
Armour
 i - a cursed +0 pair of boots (worn)
 k - a +0 robe (worn)
Scrolls
 d - 2 scrolls of teleportation {unknown}
 e - a scroll of recharging {unknown}
 j - a scroll of blinking {unknown}
Potions
 g - 4 potions of heal wounds {unknown}
 h - a potion of ambrosia {unknown}
Books
 f - a book of Flames

   Spells                             Type                      Level
   a - Flame Tongue                   Conjuration/Fire             1
   b - Throw Flame                    Conjuration/Fire             2
   c - Conjure Flame                  Conjuration/Fire             3
   d - Inner Flame                    Hexes/Fire                   3
   e - Sticky Flame                   Conjuration/Fire             4
   f - Fireball                       Conjuration/Fire             5
Comestibles
 c - 2 bread rations
 n - a chunk of flesh


   Skills:
 + Level 0.4 Throwing
 + Level 3.1 Dodging
 + Level 3.2 Stealth
 + Level 4.8 Spellcasting
 + Level 1.8 Conjurations
 + Level 4.6 Fire Magic


You had 3 spell levels left.
You knew the following spells:

 Your Spells              Type           Power        Failure   Level  Hunger
a - Flame Tongue          Conj/Fire      ###..        3%          1    None
b - Throw Flame           Conj/Fire      ###...       4%          2    None
c - Conjure Flame         Conj/Fire      ###.....     9%          3    ##.....
d - Sticky Flame          Conj/Fire      ###.....     28%         4    ####...


Dungeon Overview and Level Annotations

Branches:
Dungeon (4/15)
 Temple: D:4-7

Altars:
Cheibriados
Elyvilon
Qazlal
Zin

Annotations:
D:3 Mesmaeker13's ghost, amateur DgSk
D:4 Exporg's ghost, amateur FoFi


Message History

The leopard gecko is severely wounded.
The leopard gecko bites you.
* * * LOW HITPOINT WARNING * * *
You hit the leopard gecko but do no damage.
The leopard gecko is severely wounded.
The leopard gecko bites you.
* * * LOW HITPOINT WARNING * * *
You barely miss the leopard gecko.
The leopard gecko is severely wounded.
The leopard gecko bites you.
* * * LOW HITPOINT WARNING * * *
The leopard gecko bites you.
* * * LOW HITPOINT WARNING * * *
You closely miss the leopard gecko.
The leopard gecko is severely wounded.
The leopard gecko bites you but does no damage.
You hit the leopard gecko but do no damage.
The leopard gecko is severely wounded.
The leopard gecko bites you.
You die...

#.#####...#...# #.#..#
#.#...###.#...# ##.#..#
#.#...###.#...# #......
#########.......#.#...# #.##..#
.........)............# ###.##...
#########.......###..####........
###...).# #.......#.##...
#...#l###..######....รท#
##.##.@....# #.#####
##########...###.##.#### #.#
#................#.....###.#
##.########...##.......#....#
...# #...#...##..###.#.##### ...#
#....###...## ##....... ##.#
##...# #....###>##.#### #.#
#.#.###..##.#.###.#
#.#########.##...#.###......#


You could see a leopard gecko.

Vanquished Creatures
  An orc priest (D:3)
  2 adders
  3 gnolls
  An ooze (D:3)
  4 worms
  3 dart slugs (D:2)
  A leopard gecko (D:1)
  4 orcs (D:3)
  3 giant cockroaches
  8 goblins
  4 hobgoblins
  5 jackals
  11 kobolds
  A ball python (D:2)
  3 bats
  5 frilled lizards
  4 rats
63 creatures vanquished.

Notes
Turn   | Place    | Note
-------+----------+-------------------------------------------
     0 | D:1      | doot the Deep Elf Fire Elementalist began the quest for the Orb.
     0 | D:1      | Reached XP level 1. HP: 10/10 MP: 6/6
   238 | D:1      | Reached XP level 2. HP: 15/15 MP: 5/8
   288 | D:1      | Learned a level 2 spell: Throw Flame
   745 | D:2      | Reached XP level 3. HP: 17/19 MP: 1/10
   820 | D:2      | Learned a level 3 spell: Conjure Flame
  1753 | D:3      | Found a snail-covered altar of Cheibriados.
  1755 | D:3      | Found a stormy altar of Qazlal.
  1756 | D:3      | Found a glowing silver altar of Zin.
  1756 | D:3      | Noticed Mesmaeker13's ghost (amateur DgSk)
  2042 | D:3      | Reached XP level 4. HP: 21/24 MP: 1/12
  2048 | D:3      | Learned a level 4 spell: Sticky Flame
  2657 | D:3      | Reached XP level 5. HP: 28/28 MP: 10/14
  2879 | D:3      | Found a white marble altar of Elyvilon.
  3515 | D:4      | Noticed Exporg's ghost (amateur FoFi)
  3531 | D:3      | HP: 1/28 [leopard gecko (1)]
  3533 | D:3      | Slain by a leopard gecko

Skill      XL: |  1  2  3  4 |
---------------+-------------+-----
Fire Magic     | 4 |  4.6
Spellcasting   | 4 |  4.8
Stealth        | 3 |  3.2
Dodging        | 3 |  3.1
Throwing       | |  0.4
Conjurations   | |  1.8

Action                   |  1- 3 |  4- 6 || total
-------------------------+-------+-------++-------
Melee: Unarmed           |     1 |       ||     1
       Dagger            |     1 |    29 ||    30
 Fire: Blowgun           |       |     6 ||     6
 Cast: Flame Tongue      |    81 |    33 ||   114
       Throw Flame       |     2 |       ||     2
       Sticky Flame      |       |     3 ||     3
 Stab: Sleeping          |     1 |     1 ||     2
  Eat: Chunk             |     2 |     4 ||     6
       Bread ration      |       |     1 ||     1
Armor: Robe              |     7 |     5 ||    12
Dodge: Dodged            |    19 |    33 ||    52
